 Dungeon Crawl Stone Soup version 0.19.4-9-g45fd643 (webtiles) character file.

303444 Siegfriedson the Sorcerer (level 20, -11/119 HPs)
             Began as a Deep Elf Conjurer on Feb 8, 2017.
             Was the Champion of Vehumet.
             Killed from afar by Boris (59 damage)
             ... with a bolt of cold
             ... on level 4 of the Vaults on Feb 16, 2017.
             The game lasted 17:39:14 (68513 turns).

Siegfriedson the Sorcerer (Deep Elf Conjurer)      Turns: 68513, Time: 17:39:14

Health: -11/119    AC: 24    Str: 10    XL:     20   Next: 58%
Magic:  0/62       EV: 23    Int: 33    God:    Vehumet [******]
Gold:   2653       SH:  6    Dex: 17    Spells: 16 memorised, 3 levels left

rFire  + . .     SeeInvis +     Q - staff of power
rCold  . . .     Gourm    .     i - +5 steam dragon scales
rNeg   . . .     Faith    .     G - +1 buckler {AC+3}
rPois  .         Spirit   +     C - +1 hat
rElec  .         Reflect  .     M - +2 cloak
rCorr  .         Harm     .     A - +1 pair of gloves of Womifef {rC- Str+4 Dex+2}
MR     ++...                    d - +2 pair of boots {Fly}
Stlth  ++++......               c - amulet of Neolaesi {Spirit +Blink rF+ Int+4}
                                o - ring of protection from cold
                                e - ring of see invisible

@: about to teleport, flying, drained
A: talons 1
a: Renounce Religion, Evoke Blink, Stop Flying
}: 1/15 runes: gossamer


You were on level 4 of the Vaults.
You worshipped Vehumet.
Vehumet was exalted by your worship.
You were not hungry.

You visited 8 branches of the dungeon, and saw 37 of its levels.

You collected 3887 gold pieces.
You spent 1234 gold pieces at shops.

Inventory:

Armour
 d - a +2 pair of boots of flying (worn)
 i - +5 steam dragon scales (worn)
 v - the cursed +0 robe of the Mantidfly {rElec, unknown}
   (You found it on level 3 of the Vaults)

   It insulates you from electricity.
   It has a curse placed upon it.
 w - a +3 scale mail
 A - the +1 pair of gloves of Womifef (worn) {rC- Str+4 Dex+2}
   (You bought it in a shop on level 2 of the Orcish Mines)

   It affects your strength (+4).
   It affects your dexterity (+2).
   It makes you vulnerable to cold.
 C - a +1 hat (worn)
 G - a +1 buckler of protection (worn)
 M - a +2 cloak (worn)
 P - a +0 ring mail of positive energy
Magical Staves
 Q - an uncursed staff of power (weapon)
Jewellery
 c - the amulet of Neolaesi (around neck) {Spirit +Blink rF+ Int+4}
   (You acquired it on level 14 of the Dungeon)

   [amulet of guardian spirit]

   It causes incoming damage to be split between your health and magic.
   It affects your intelligence (+4).
   It protects you from fire.
   It lets you blink.
 e - a ring of see invisible (left hand)
 o - a ring of protection from cold (right hand)
 t - an uncursed ring of protection from magic
 u - an uncursed ring of poison resistance
 z - an uncursed ring of protection from fire
Wands
 b - a wand of iceblast (8/15)
 f - a wand of disintegration (11/24)
 j - a wand of teleportation (0/9)
 E - a wand of heal wounds (1/9)
 L - a wand of paralysis (17/24)
 O - a wand of confusion (22/48)
Scrolls
 l - 4 scrolls of remove curse
 m - 2 scrolls of silence
 p - 2 scrolls of fear
 q - a scroll of teleportation
 s - 6 scrolls of magic mapping
 y - a scroll of identify
 I - a scroll of fog
 K - a scroll of blinking
 U - a scroll of holy word {unknown}
 W - a scroll of brand weapon {unknown}
Potions
 g - 14 potions of curing
 n - a potion of cancellation
 x - 4 potions of haste
 B - 4 potions of cure mutation
 D - 8 potions of ambrosia
 N - 6 potions of brilliance
 R - 3 potions of might
Books
 h - a book of the Dragon

   Spells                             Type                      Level
   a - Flame Tongue                   Conjuration/Fire             1
   b - Cause Fear                     Hexes                        4
   c - Bolt of Fire                   Conjuration/Fire             6
   d - Dragon Form                    Transmutation                7
   e - Dragon's Call                  Summoning                    9
Miscellaneous
 F - a sack of spiders
 H - a box of beasts
Comestibles
 a - 15 fruits
 r - 13 meat rations
 J - 4 chunks of flesh


   Skills:
 + Level 10.7(10.4) Fighting
 - Level 6.2(5.9) Armour
 + Level 14.2(13.9) Dodging
 - Level 10.0(9.7) Stealth
 - Level 4.6(4.4) Shields
 - Level 21.2(20.8) Spellcasting
 + Level 19.7(19.3) Conjurations
 - Level 11.1(10.8) Charms
 - Level 1.5(1.3) Summonings
 - Level 4.0(3.7) Necromancy
 - Level 4.0(3.7) Translocations
 + Level 11.2(10.9) Fire Magic
 - Level 6.4(6.1) Air Magic
 - Level 11.2(10.9) Earth Magic
 - Level 2.0(1.7) Poison Magic
 - Level 9.0(8.7) Evocations


You had 3 spell levels left.
You knew the following spells:

 Your Spells              Type           Power        Failure   Level  Hunger
a - Magic Dart            Conj           ####         0%          1    None
b - Animate Skeleton      Necr           N/A          1%          1    None
c - Iskenderun's Mystic   Conj           ########     0%          4    None
d - Iskenderun's Battles  Conj/Chrm      #######.     1%          5    None
e - Apportation           Tloc           ######....   1%          1    None
f - Mephitic Cloud        Conj/Pois/Air  #######.     1%          3    None
g - Bolt of Fire          Conj/Fire      #######...   1%          6    None
h - Conjure Flame         Conj/Fire      #######.     0%          3    None
i - Repel Missiles        Chrm/Air       ######       1%          2    None
j - Stone Arrow           Conj/Erth      ######       0%          3    None
k - Blink                 Tloc           N/A          1%          2    None
l - Fireball              Conj/Fire      #######...   1%          5    None
m - Orb of Destruction    Conj           ########..   1%          7    #......
n - Summon Butterflies    Summ           #####...     1%          1    None
o - Iron Shot             Conj/Erth      #######...   1%          6    None
p - Lehudib's Crystal Sp  Conj/Erth      #######...   4%          8    ####...


Dungeon Overview and Level Annotations

Branches:
Dungeon (15/15)            Temple (1/1) D:6            Lair (6/6) D:8
  Swamp (4/4) Lair:2       Spider (4/4) Lair:2        Slime (0/5) Lair:6
    Orc (2/2) D:11            Elf (1/3) Orc:2        Vaults (4/5) D:14
  Crypt (0/3) Vaults:2     Depths (0/5) D:15

Altars:
Cheibriados
Dithmenos
Elyvilon
Fedhas
Gozag
Makhleb
Nemelex Xobeh
Okawaru
Qazlal
Ru
Sif Muna
Trog
Uskayaw
Vehumet
Xom
Yredelemnul
The Shining One
Jiyva

Shops:
D:11 *   D:13 (   Orc:1 }   Orc:2 }[[[

Annotations:
D:11 exclusions: 2 doors and 1 more exclusion
Lair:1 exclusion: oklob plant
Lair:3 1 exclusion
Lair:4 r0y's ghost, journeyman MiBe
Swamp:2 exclusion: Roxanne, Roxanne
Vaults:4 Boris


Innate Abilities, Weirdness & Mutations

You have sharp toenails.


Message History

Okay, then.
As you read the scroll of teleportation, it crumbles to dust.
You feel strangely unstable.
Casting: Orb of Destruction
Confirm with . or Enter, or press ? or * to list all spells.
You don't have enough magic to cast that spell.
Casting: Orb of Destruction
Confirm with . or Enter, or press ? or * to list all spells.
Aiming: Stone Arrow
Press: ? - help, Shift-Dir - straight line, f/p - Boris
Aim: Boris, wearing an embroidered robe (almost destroyed, slightly transparent)
The stone arrow hits Boris.
Boris is almost destroyed.
The vault warden shouts!
The ironbrand convoker zombie barely misses you.
Boris completely misses you. Boris touches you but does no damage.
A ghost crab comes into view.
Boris gestures at you while chanting. The bolt of cold hits you!
You die...

........'.....##.....# #..
........#.....c##...### #..
........#...(c..##.##.# #..
........#........###..# #..
........#.............#. #..
#########......((.....#'#######..
#.[...L.....)............
#.......Z................
#.......@..p[.t..........
#..........[)).(.........
#..........(().(....(....
#...........)[...........
#################'##'####
#......# #......# #......#
#......#


You could see Boris (invisible), a vault warden, a ghost crab (wandering), 2
yaktaurs and an ironbrand convoker zombie.

Vanquished Creatures
  Mara (Swamp:3)
  Boris (Vaults:2)
  Frederick (Vaults:3)
  Bai Suzhen (Vaults:3)
  Xtahua (Vaults:2)
  Arachne (Spider:2)
  A sphinx (Vaults:4)
  Gastronok (Lair:2)
  3 thorn hunters
  Kirke (Swamp:2)
  Donald (Swamp:2)
  A fire giant (Vaults:4)
  7 vault wardens
  3 deep elf sorcerers (Vaults:2)
  An emperor scorpion (shapeshifter) (Vaults:2)
  8 emperor scorpions
  5 ghost moths
  Aizul (Swamp:3)
  6 stone giants
  12 ironheart preservers
  9 entropy weavers
  The ghost of Jovan the Fighter, a journeyman HuEn of Okawaru (Lair:6)
  3 deep elf annihilators
  A spark wasp (Spider:3)
  An ettin (Vaults:2)
  2 deep elf death magi
  3 great orbs of eyes
  5 yaktaur captains
  4 ice dragons
  15 vault guards
  Harold (D:12)
  20 hydras
  A ghost crab (Swamp:4)
  3 rakshasas
  Erolcha (Orc:1)
  7 centaur warriors
  A queen ant (Spider:2)
  A death knight (D:11)
  7 alligators
  6 dancing weapons
  A catoblepas (Lair:5)
  A queen ant (shapeshifter) (Vaults:3)
  A tengu warrior (D:13)
  9 ogre magi
  3 orc high priests (Orc:2)
  9 deep elf knights
  2 shadow wraiths
  A storm dragon skeleton (Vaults:3)
  A fire crab (Lair:6)
  5 unseen horrors
  4 deep trolls
  11 skeletal warriors
  3 spriggan druids
  2 glowing orange brains
  2 wizards
  7 swamp dragons
  5 deep elf archers
  3 necromancers
  A phantasmal warrior (D:11)
  13 orc knights
  9 hill giants
  12 ironbrand convokers
  2 shambling mangroves
  A mana viper (shapeshifter) (D:15)
  16 orb spiders
  29 deep elf magi
  6 orc sorcerers
  A wolf spider (shapeshifter) (Vaults:1)
  An oklob plant (Lair:1)
  2 manticores
  24 wolf spiders
  A salamander (D:15)
  32 ugly things
  3 moths of wrath
  4 cyclopes
  2 centaur zombies (D:14)
  Joseph (D:7)
  6 human skeletons
  A guardian serpent (shapeshifter) (Vaults:2)
  6 black mambas
  A stone giant skeleton (Vaults:2)
  3 molten gargoyles (Lair:6)
  A torpor snail (Spider:2)
  9 vault sentinels
  5 centaur skeletons
  5 gargoyles
  Psyche (D:12)
  12 spiny frogs
  4 kobold demonologists
  7 demonic crawlers
  10 yaktaurs
  2 rime drakes
  9 komodo dragons
  10 freezing wraiths
  A tengu conjurer (D:13)
  A komodo dragon (shapeshifter) (Vaults:2)
  A yaktaur skeleton (Vaults:2)
  A meliai (shapeshifter) (Vaults:1)
  A queen bee (D:12)
  30 jumping spiders
  A merfolk (D:9)
  6 trolls
  16 hornets
  9 two-headed ogres
  6 bog bodies
  2 polar bears
  15 blink frogs
  15 hippogriffs
  A raiju (shapeshifter) (Vaults:2)
  43 slime creatures
  5 tyrant leeches
  Grinder (D:6)
  13 dream sheep
  A dream sheep (shapeshifter) (Vaults:2)
  14 spriggans
  A tarantella (shapeshifter) (Vaults:3)
  5 wraiths
  A frost giant simulacrum (Vaults:2)
  A centaur simulacrum (D:14)
  2 shadows (Swamp:4)
  6 wyverns
  An ettin skeleton (Vaults:2)
  39 tarantellas
  88 redbacks
  41 yaks
  A vampire (D:13)
  6 hogs (Swamp:2)
  2 steam dragons
  The ghost of Bybbax the Shooter, an amateur CeHu (D:5)
  A hungry ghost (D:11)
  3 swamp worm simulacra (Swamp:4)
  A human simulacrum (Vaults:1)
  6 basilisks
  18 vampire mosquitoes
  10 wargs
  21 swamp worms
  A mottled dragon (Vaults:2)
  26 soldier ants (Spider:2)
  10 insubstantial wisps
  11 water moccasins
  8 hydra simulacra (Swamp:4)
  2 porcupines
  4 hell hounds (Lair:6)
  A hell hound (shapeshifter) (Vaults:2)
  40 orc warriors
  3 phantoms
  An eye of draining (shapeshifter) (Vaults:1)
  A hornet zombie (D:15)
  6 ice beasts
  9 swamp drakes
  7 sky beasts
  3 eyes of draining
  10 boggarts
  35 ogres
  5 wolves (Lair:3)
  17 centaurs
  An elf skeleton (Vaults:2)
  15 crocodiles
  A human zombie (Vaults:3)
  9 big kobolds
  17 bullfrogs
  2 wyvern zombies
  4 scorpions
  3 wyvern skeletons
  22 killer bees
  3 electric eels
  6 howler monkeys
  5 lava snakes (Lair:6)
  9 crimson imps
  4 bullfrog zombies
  6 hounds
  2 jellies
  5 bullfrog skeletons
  21 orc priests
  3 quasits
  35 orc wizards
  4 iguanas
  28 worker ants
  2 hound skeletons
  9 gnolls
  A howler monkey skeleton (D:10)
  17 adders
  3 shadow imps
  5 swamp drake simulacra (Swamp:4)
  2 oozes
  An adder skeleton (D:4)
  2 adder zombies (D:8)
  A worm (D:3)
  3 dart slugs
  6 leopard geckos
  119 orcs
  4 bats
  4 giant cockroaches
  5 goblins
  10 hobgoblins
  13 jackals
  21 kobolds
  3 quokkas
  3 ball pythons
  3 frilled lizards
  A leopard gecko skeleton (D:6)
  2 quokka skeletons
  14 rats
  3 bushes (Lair:1)
  A fungus (D:8)
  A pillar of salt (Vaults:2)
  A plant (Lair:1)
1574 creatures vanquished.

Vanquished Creatures (collateral kills)
  A deep elf sorcerer (Vaults:3)
  A fire dragon (Lair:6)
  An alligator (Swamp:1)
  A shambling mangrove (Swamp:1)
  An ugly thing (Vaults:1)
  A vault sentinel (Vaults:2)
  A spiny frog (Lair:6)
  A blink frog (Lair:6)
  A swamp worm (Swamp:3)
  An ogre (Vaults:2)
  A centaur (Vaults:2)
  A human skeleton (Vaults:2)
12 creatures vanquished.

Vanquished Creatures (others)
  An azure jelly (Swamp:4)
  A vault warden (Vaults:3)
  2 ironheart preservers (Vaults:3)
  A stone giant (Vaults:3)
  A hydra (Swamp:4)
  An ice dragon (Vaults:3)
  2 centaur warriors (Vaults:3)
  An ogre mage (Vaults:3)
  2 deep troll shamans (Vaults:3)
  A shadow wraith (Vaults:3)
  A storm dragon skeleton (Vaults:3)
  A wizard (Vaults:3)
  2 deep trolls (Vaults:3)
  A shambling mangrove (Swamp:4)
  A necromancer (Vaults:3)
  An orc knight (Vaults:3)
  3 vault sentinels (Vaults:3)
  3 yaktaurs (Vaults:3)
  A freezing wraith (Vaults:3)
  2 hornets (Swamp:4)
  A two-headed ogre (Vaults:3)
  A vampire mosquito (Swamp:3)
  4 boggarts (Vaults:3)
  7 ogres (Vaults:3)
  A human simulacrum (Vaults:3)
  2 orc priests
  2 orc wizards
  3 orcs (Vaults:3)
  9 fungi
  11 pillars of salt (Vaults:2)
  12 plants
82 creatures vanquished.

Grand Total: 1668 creatures vanquished

Notes
Turn   | Place    | Note
-------+----------+-------------------------------------------
     0 | D:1      | Siegfriedson the Deep Elf Conjurer began the quest for the Orb.
     0 | D:1      | Reached XP level 1. HP: 10/10 MP: 6/6
   533 | D:1      | Reached XP level 2. HP: 10/15 MP: 6/8
   783 | D:1      | Reached skill level 5 in Conjurations
   808 | D:1      | Learned a level 2 spell: Searing Ray
  1236 | D:1      | Reached XP level 3. HP: 13/19 MP: 7/10
  2329 | D:2      | Reached skill level 4 in Spellcasting
  2808 | D:2      | Reached XP level 4. HP: 19/24 MP: 12/12
  3701 | D:3      | Reached XP level 5. HP: 5/28 MP: 0/14
  3993 | D:3      | Learned a level 4 spell: Iskenderun's Mystic Blast
  4351 | D:4      | Found a blossoming altar of Fedhas.
  4464 | D:4      | Reached skill level 1 in Fighting
  4958 | D:4      | Reached XP level 6. HP: 22/35 MP: 0/15
  5314 | D:5      | Entered Level 5 of the Dungeon
  5471 | D:5      | Noticed an orc warrior
  5925 | D:4      | Killed an orc warrior
  5925 | D:4      | Reached skill level 5 in Spellcasting
  5925 | D:4      | Reached XP level 7. HP: 32/40 MP: 6/16
  5940 | D:4      | Learned a level 5 spell: Iskenderun's Battlesphere
  6012 | D:5      | Reached skill level 1 in Charms
  6655 | D:5      | Reached skill level 5 in Charms
  6899 | D:5      | Noticed Bybbax's ghost (amateur CeHu)
  7007 | D:5      | Found a burning altar of Makhleb.
  7007 | D:5      | Found a sacrificial altar of Ru.
  7009 | D:5      | Found a deep blue altar of Sif Muna.
  7011 | D:5      | Found a white marble altar of Elyvilon.
  7012 | D:5      | Found a bloodstained altar of Trog.
  7058 | D:5      | Noticed a hippogriff
  7064 | D:5      | Killed a hippogriff
  7064 | D:5      | Reached XP level 8. HP: 44/44 MP: 7/17
  7109 | D:5      | Killed Bybbax's ghost
  7249 | D:5      | Found a basalt altar of Yredelemnul.
  7963 | D:5      | Reached skill level 10 in Charms
  8038 | D:6      | Noticed Grinder
  8046 | D:6      | Killed Grinder
  8111 | D:6      | Found a sparkling altar of Nemelex Xobeh.
  8477 | D:6      | Reached XP level 9. HP: 52/52 MP: 10/18
  8785 | D:6      | Found a staircase to the Ecumenical Temple.
  8844 | D:6      | Reached skill level 5 in Fighting
  8918 | D:6      | Reached skill level 1 in Shields
  9588 | Temple   | Entered the Ecumenical Temple
  9604 | Temple   | Became a worshipper of Vehumet
  9759 | D:7      | Noticed Joseph
 10323 | D:7      | Killed Joseph
 10323 | D:7      | Reached skill level 6 in Spellcasting
 10918 | D:7      | Reached * piety under Vehumet
 10918 | D:7      | Offered knowledge of Shock by Vehumet.
 10925 | D:7      | Reached XP level 10. HP: 59/59 MP: 6/22
 11094 | D:7      | Reached skill level 7 in Spellcasting
 11399 | D:8      | Reached skill level 8 in Spellcasting
 11749 | D:8      | Reached skill level 9 in Spellcasting
 11857 | D:8      | Reached ** piety under Vehumet
 11857 | D:8      | Offered knowledge of Sandblast by Vehumet.
 12111 | D:8      | Found a staircase to the Lair.
 12202 | D:8      | Reached skill level 10 in Spellcasting
 12402 | Lair:1   | Entered Level 1 of the Lair of Beasts
 12446 | Lair:1   | Noticed an oklob plant
 12491 | Lair:1   | Reached skill level 5 in Stealth
 13174 | Lair:1   | Learned a level 1 spell: Apportation
 13212 | Lair:2   | Reached skill level 1 in Armour
 13233 | Lair:2   | Found a staircase to the Swamp.
 13325 | Lair:2   | Found a hole to the Spider Nest.
 13582 | Lair:2   | Noticed Gastronok
 13950 | Lair:2   | Noticed a spiny frog
 13956 | Lair:2   | Killed a spiny frog
 14226 | Lair:2   | Killed Gastronok
 14226 | Lair:2   | Reached XP level 11. HP: 63/63 MP: 3/27
 14397 | Lair:2   | Reached skill level 5 in Dodging
 15259 | Lair:3   | Reached skill level 11 in Spellcasting
 15711 | Lair:3   | Reached skill level 12 in Spellcasting
 15928 | Lair:3   | Offered knowledge of Mephitic Cloud by Vehumet.
 15940 | Lair:3   | Reached skill level 13 in Spellcasting
 15946 | Lair:3   | Noticed a five-headed hydra
 15952 | Lair:3   | Killed a five-headed hydra
 16564 | Lair:3   | Reached XP level 12. HP: 68/68 MP: 23/31
 16664 | Lair:3   | Reached *** piety under Vehumet
 16818 | D:8      | Learned a level 3 spell: Mephitic Cloud
 17136 | D:9      | Offered knowledge of Sticky Flame by Vehumet.
 17159 | D:9      | Learned a level 4 spell: Sticky Flame
 17506 | D:10     | Entered Level 10 of the Dungeon
 17672 | D:10     | Reached skill level 10 in Conjurations
 17727 | D:10     | Found an opulent altar of Gozag.
 17790 | D:10     | Reached skill level 1 in Fire Magic
 17855 | D:10     | Reached **** piety under Vehumet
 18254 | D:10     | Offered knowledge of Airstrike by Vehumet.
 18979 | D:10     | Reached skill level 5 in Fire Magic
 19327 | D:11     | Found Leziazuu's Assorted Antiques.
 19425 | D:11     | Noticed a death knight
 19961 | D:11     | Killed a death knight
 20312 | D:11     | Noticed a five-headed hydra
 20318 | D:11     | Killed a five-headed hydra
 20660 | D:11     | Found a staircase to the Orcish Mines.
 20688 | D:11     | Learned a level 3 spell: Conjure Flame
 20815 | D:11     | Reached skill level 10 in Dodging
 20963 | D:11     | Reached ***** piety under Vehumet
 21059 | D:11     | Offered knowledge of Spellforged Servitor by Vehumet.
 21587 | D:11     | Reached XP level 13. HP: 43/72 MP: 11/32
 22290 | Lair:4   | Noticed r0y's ghost (journeyman MiBe)
 22466 | Lair:4   | Learned a level 2 spell: Repel Missiles
 22502 | Lair:4   | You fall through a shaft!
 22839 | Lair:4   | Learned a level 3 spell: Stone Arrow
 23139 | Orc:1    | Entered Level 1 of the Orcish Mines
 23165 | Orc:1    | Found Mefanoodgh's Gadget Shoppe.
 23240 | Orc:1    | Noticed Erolcha
 23248 | Orc:1    | Killed Erolcha
 23248 | Orc:1    | Reached skill level 14 in Spellcasting
 23396 | Orc:1    | Reached skill level 1 in Air Magic
 23396 | Orc:1    | Reached skill level 1 in Earth Magic
 23673 | Orc:2    | Entered Level 2 of the Orcish Mines
 24176 | Orc:2    | Reached skill level 1 in Poison Magic
 24481 | Orc:2    | Reached skill level 1 in Translocations
 24523 | Orc:2    | Found a staircase to the Elven Halls.
 26108 | Orc:2    | Reached skill level 15 in Spellcasting
 26371 | Orc:2    | Learned a level 2 spell: Blink
 26669 | Orc:2    | Found Zacwuba's Antique Armour Shop.
 26669 | Orc:2    | Found Osilac's Antique Armour Shoppe.
 26672 | Orc:2    | Found Arigaewn's Gadget Shop.
 26672 | Orc:2    | Found Juus's Armour Shoppe.
 26684 | Orc:2    | Bought a pair of transparent gloves for 275 gold pieces
 26690 | Orc:2    | Identified the +1 pair of gloves of Womifef {rC- Str+4 Dex+2} (You bought it in a shop on level 2 of the Orcish Mines)
 26696 | Orc:2    | Bought a jewelled buckler for 256 gold pieces
 26706 | Orc:2    | Identified the cursed +0 buckler "Jeput" {-Tele +Inv rElec Str+3} (You bought it in a shop on level 2 of the Orcish Mines)
 26737 | Orc:2    | Bought a pair of embroidered boots for 283 gold pieces
 27188 | Orc:1    | Offered knowledge of Fireball by Vehumet.
 27525 | Elf:1    | Entered Level 1 of the Elven Halls
 27572 | Elf:1    | Reached skill level 16 in Spellcasting
 27729 | Elf:1    | Reached skill level 10 in Fire Magic
 27805 | Elf:1    | Reached XP level 14. HP: 78/78 MP: 14/36
 28493 | Lair:1   | Learned a level 5 spell: Fireball
 29298 | Lair:5   | Got a crude chain mail
 30286 | Lair:6   | Entered Level 6 of the Lair of Beasts
 30508 | Lair:6   | Found a staircase to the Slime Pits.
 30512 | Lair:6   | Found a viscous altar of Jiyva.
 30541 | Lair:6   | Noticed Jovan's ghost (journeyman HuEn)
 30918 | Lair:5   | Identified the +3 chain mail of Zudghemug {rPois Int+3} (You found it on level 5 of the Lair of Beasts)
 31288 | D:12     | Noticed Harold
 31297 | D:12     | Killed Harold
 32369 | D:12     | Noticed Psyche
 32375 | D:12     | Killed Psyche
 32473 | D:12     | You are sucked into a shaft!
 33327 | D:13     | Found Okhlajupt's Antique Weapon Shop.
 33559 | D:13     | Reached skill level 17 in Spellcasting
 33964 | D:13     | Offered knowledge of Orb of Destruction by Vehumet.
 33974 | D:13     | Learned a level 7 spell: Orb of Destruction
 34364 | D:14     | Learned a level 1 spell: Summon Butterflies
 35615 | D:14     | Found an iron altar of Okawaru.
 35942 | D:14     | Found a gate to the Vaults.
 36094 | D:14     | Identified a scroll of acquirement
 36102 | D:14     | Got a brightly glowing brass amulet
 36106 | D:14     | Identified the amulet of Neolaesi {Spirit +Blink rF+ Int+4} (You acquired it on level 14 of the Dungeon)
 36640 | D:11     | Bought a dazzling buckler for 199 gold pieces
 36650 | D:11     | Identified the cursed -5 buckler of This Worked Last Time {+Blink rPois SInv} (You bought it in a shop on level 11 of the Dungeon)
 36818 | Spider:1 | Entered Level 1 of the Spider Nest
 36818 | Spider:1 | Noticed an emperor scorpion
 36828 | Spider:1 | Killed an emperor scorpion
 36828 | Spider:1 | Reached XP level 15. HP: 60/82 MP: 4/38
 37028 | Lair:1   | Learned a level 1 spell: Animate Skeleton
 37264 | D:15     | Entered Level 15 of the Dungeon
 37695 | D:15     | Reached skill level 5 in Evocations
 38195 | D:15     | Found a staircase to the Depths.
 38463 | D:15     | Offered knowledge of Yara's Violent Unravelling by Vehumet.
 38850 | D:15     | Reached skill level 18 in Spellcasting
 39228 | D:15     | Got a fine flail
 39662 | Swamp:1  | Entered Level 1 of the Swamp
 40775 | Swamp:2  | Reached skill level 19 in Spellcasting
 40943 | Swamp:2  | Noticed Kirke
 40963 | Swamp:2  | Reached skill level 1 in Necromancy
 41224 | Swamp:2  | Reached ****** piety under Vehumet
 41507 | Swamp:2  | Noticed Donald
 41513 | Swamp:2  | Killed Donald
 41587 | Swamp:2  | Noticed Roxanne
 41851 | Swamp:2  | Killed Kirke
 41851 | Swamp:2  | Reached skill level 1 in Summonings
 42130 | Swamp:3  | Reached XP level 16. HP: 92/92 MP: 41/41
 42452 | Lair:6   | Offered knowledge of Delayed Fireball by Vehumet.
 42517 | Lair:6   | Killed Jovan's ghost
 43607 | Lair:6   | Found a large runed door.
 43607 | Lair:6   | Found a large runed door.
 43647 | Lair:6   | Got a wizard robe
 43660 | Lair:6   | Identified the +1 robe of Voprupsa {Str+4} (You found it on level 6 of the Lair of Beasts)
 44407 | Spider:1 | Offered knowledge of Poisonous Cloud by Vehumet.
 44862 | Spider:1 | Reached skill level 20 in Spellcasting
 45572 | Spider:2 | Noticed Arachne
 45581 | Spider:2 | Killed Arachne
 46011 | Spider:2 | Gained mutation: You have sharp toenails. [potion of beneficial mutation]
 46035 | Spider:2 | Reached skill level 10 in Stealth
 46849 | Spider:2 | Reached skill level 5 in Earth Magic
 47301 | Spider:2 | Offered knowledge of Iron Shot by Vehumet.
 47399 | Spider:3 | Reached XP level 17. HP: 100/100 MP: 42/43
 47700 | Spider:3 | Learned a level 6 spell: Iron Shot
 48122 | Spider:3 | Got a brightly glowing morningstar
 48995 | Lair:1   | Identified the cursed +0 morningstar of Fedhas's Delight {drain, rPois} (You found it on level 3 of the Spider Nest)
 49263 | Orc:1    | Bought a wand of disintegration (13/24) for 221 gold pieces
 49468 | Swamp:3  | Noticed Aizul
 49476 | Swamp:3  | Killed Aizul
 49917 | Swamp:3  | Reached skill level 10 in Fighting
 50354 | Swamp:3  | Noticed Mara
 50375 | Swamp:3  | Noticed Siegfriedson's illusion
 50589 | Swamp:3  | Killed Mara
 51036 | Swamp:3  | Reached skill level 21 in Spellcasting
 51095 | Swamp:4  | Entered Level 4 of the Swamp
 51276 | Swamp:4  | Offered knowledge of Lehudib's Crystal Spear by Vehumet.
 51276 | Swamp:4  | Offered knowledge of Glaciate by Vehumet.
 51276 | Swamp:4  | Offered knowledge of Chain Lightning by Vehumet.
 51811 | Swamp:4  | Learned a level 8 spell: Lehudib's Crystal Spear
 53454 | Spider:4 | Entered Level 4 of the Spider Nest
 53541 | Spider:4 | Reached XP level 18. HP: 107/107 MP: 45/45
 54029 | Spider:4 | Upgraded the game from 0.19.4-8-ga85b6b9 to 0.19.4-9-g45fd643
 54900 | Spider:4 | Reached skill level 10 in Earth Magic
 55469 | Spider:4 | Got a gossamer rune of Zot
 55987 | Vaults:1 | Entered Level 1 of the Vaults
 56919 | Vaults:1 | Reached skill level 15 in Conjurations
 59138 | Vaults:2 | Noticed Xtahua
 59145 | Vaults:2 | Killed Xtahua
 59527 | Vaults:2 | Reached XP level 19. HP: 111/112 MP: 24/46
 59993 | Vaults:2 | Found a staircase to the Crypt.
 60561 | Vaults:2 | Noticed Boris
 60565 | Vaults:2 | Killed Boris
 60950 | Vaults:1 | Got a scintillating steel amulet
 60952 | Vaults:1 | Identified the amulet "Vaof" {RegenMP Str+3} (You acquired it on level 1 of the Vaults)
 62498 | Vaults:2 | Reached skill level 5 in Air Magic
 65221 | Vaults:3 | Noticed Bai Suzhen
 65274 | Vaults:3 | Got a shadowed robe
 65316 | Vaults:3 | Reached XP level 20. HP: 117/117 MP: 36/47
 65962 | Vaults:3 | Learned a level 6 spell: Bolt of Fire
 66307 | Vaults:3 | Noticed Frederick
 66312 | Vaults:3 | Killed Frederick
 66990 | Vaults:3 | Killed Bai Suzhen
 68093 | Vaults:4 | Noticed Boris
 68513 | Vaults:4 | Killed from afar by Boris

Skill      XL: |  1  2  3  4  5  6  7  8  9 10 11 12 13 14 15 16 17 18 19 20 |
---------------+-------------------------------------------------------------+-----
Conjurations   | 5 6 8 9 10 13 16 19 | 19.7
Spellcasting   | 4 5 6 10 13 16 17 19 20 21 | 21.2
Fighting       | 2 4 5 7 9 10 | 10.7
Dodging        | 4 6 10 11 12 13 14 | 14.2
Charms         | 8 11 | 11.1
Shields        | 4 |  4.6
Stealth        | 5 6 7 10 | 10.0
Armour         | 6 |  6.2
Fire Magic     | 8 10 11 | 11.2
Air Magic      | 1 4 6 |  6.4
Earth Magic    | 2 6 8 11 | 11.2
Poison Magic   | 2 |  2.0
Translocations | 4 |  4.0
Evocations     | 2 5 9 |  9.0
Necromancy     | 4 |  4.0
Summonings     | 1 |  1.5

Action                   |  1- 3 |  4- 6 |  7- 9 | 10-12 | 13-15 | 16-18 | 19-21 || total
-------------------------+-------+-------+-------+-------+-------+-------+-------++-------
Melee: Club              |    16 |       |       |       |       |       |       ||    16
       Short sword       |    75 |    51 |    67 |   103 |     6 |       |       ||   302
       Rapier            |       |       |       |     2 |       |       |       ||     2
       Staff             |       |       |       |       |     2 |     2 |     1 ||     5
Throw: Stone             |    12 |    16 |     4 |       |       |       |       ||    32
       Javelin           |       |       |       |     2 |       |       |       ||     2
 Cast: Magic Dart        |    27 |    33 |   146 |   295 |   426 |   384 |    14 ||  1325
       Searing Ray       |     4 |    59 |    27 |   101 |    14 |       |       ||   205
       Iskenderun's Myst |       |     5 |    22 |    78 |   316 |   221 |    94 ||   736
       Iskenderun's Batt |       |       |    27 |   110 |   241 |   222 |    55 ||   655
       Apportation       |       |       |       |     1 |       |       |     1 ||     2
       Mephitic Cloud    |       |       |       |     6 |    32 |     9 |     3 ||    50
       Conjure Flame     |       |       |       |     3 |     2 |       |       ||     5
       Sticky Flame      |       |       |       |       |     2 |     3 |     1 ||     6
       Stone Arrow       |       |       |       |       |    37 |   111 |    20 ||   168
       Blink             |       |       |       |       |     1 |     9 |     5 ||    15
       Fireball          |       |       |       |       |    66 |   143 |    71 ||   280
       Orb of Destructio |       |       |       |       |    13 |   193 |   133 ||   339
       Summon Butterflie |       |       |       |       |     1 |     3 |       ||     4
       Repel Missiles    |       |       |       |       |     1 |     1 |     5 ||     7
       Animate Skeleton  |       |       |       |       |     6 |    33 |    22 ||    61
       Iron Shot         |       |       |       |       |       |     9 |     7 ||    16
       Lehudib's Crystal |       |       |       |       |       |     2 |     1 ||     3
       Bolt of Fire      |       |       |       |       |       |       |    68 ||    68
 Abil: Evoke Blink       |       |       |       |       |       |     2 |       ||     2
Evoke: Wand              |       |       |     1 |     5 |     9 |     9 |     1 ||    25
       Box of beasts     |       |       |       |       |       |     1 |       ||     1
  Use: Scroll            |       |    10 |     6 |    10 |    23 |    24 |    11 ||    84
       Potion            |       |     1 |       |       |     2 |    14 |     2 ||    19
 Stab: Sleeping          |     2 |     2 |     1 |       |       |       |       ||     5
  Eat: Chunk             |     6 |     5 |    12 |    18 |    10 |    24 |     9 ||    84
       Bread ration      |       |     1 |     3 |     3 |     9 |     5 |     1 ||    22
       Beef jerky        |       |       |     1 |       |     4 |     1 |       ||     6
       Pizza             |       |       |       |     2 |       |     2 |     1 ||     5
       Meat ration       |       |       |       |     2 |     2 |     2 |     2 ||     8
       Royal jelly       |       |       |       |       |     1 |       |       ||     1
       Fruit             |       |       |       |       |     3 |     1 |     1 ||     5
Armor: Robe              |    13 |     9 |    16 |     9 |    21 |       |       ||    68
       Ring mail         |       |       |       |    12 |     3 |       |       ||    15
       Steam dragon scal |       |       |       |       |    29 |    92 |    49 ||   170
Dodge: Dodged            |    77 |    63 |   107 |    90 |   139 |   239 |    87 ||   802
       Deflected         |       |       |       |       |     1 |     9 |    25 ||    35
Block: Buckler           |       |       |    11 |    26 |    38 |    90 |    41 ||   206
